 Dungeon Crawl Stone Soup version 0.19-a0-1532-g228a5d9 (webtiles) character file.

65816 shnurlf the Severer (level 15, -3/139 HPs)
             Began as a Hill Orc Berserker on Sept 13, 2016.
             Was a High Priest of Trog.
             Slain by a cyan very ugly thing (18 damage)
             ... on level 1 of the Depths.
             The game lasted 01:10:10 (22286 turns).

shnurlf the Severer (Hill Orc Berserker)           Turns: 22286, Time: 01:10:11

Health: -3/139     AC: 25    Str: 27    XL:     15   Next: 17%
Magic:  15/15      EV: 12    Int:  8    God:    Trog [*****.]
Gold:   672        SH:  0    Dex: 13    Spells: 0 memorised, 14 levels left

rFire  . . .     SeeInvis .     N - +6 battleaxe (freeze)
rCold  + . .     Gourm    .     R - +0 plate armour
rNeg   . . .     Faith    .     (shield currently unavailable)
rPois  .         Spirit   .     (no helmet)
rElec  .         Dismiss  .     L - +2 cloak
rCorr  .         Reflect  .     H - +2 pair of gloves
MR     +....     Harm     .     I - +1 pair of boots
Stlth  ..........               W - amulet of regeneration
                                o - ring of protection from cold
                                G - +4 ring of strength

@: exhausted
A: no striking features
a: Berserk, Trog's Hand, Brothers in Arms, Burn Spellbooks, Renounce Religion


You were on level 1 of the Depths.
You worshipped Trog.
Trog was extremely pleased with you.
You were not hungry.

You visited 2 branches of the dungeon, and saw 16 of its levels.
You visited 1 bazaar.
You also visited: Ossuary and Bailey.

You collected 1200 gold pieces.
You spent 528 gold pieces at shops.

Inventory:

Hand Weapons
 g - a +5 antimagic battleaxe
 D - the +5 spear "Huoso" {antimagic, MR+ Int+4}
   (You found it on level 6 of the Dungeon)

   It reduces the magical energy of the wielder, and disrupts the spells and
   magical abilities of those hit.
   Natural abilities and divine invocations are not affected.
   It affects your intelligence (+4).
   It affects your resistance to hostile enchantments.
 N - a +6 battleaxe of freezing (weapon)
Missiles
 m - 5 throwing nets
 p - 9 javelins (quivered)
 s - 21 curare-tipped needles
 v - 7 needles of sleeping
 U - 65 tomahawks of returning
Armour
 a - a +1 chain mail of magic resistance
 H - a +2 pair of gloves (worn)
 I - a +1 pair of boots (worn)
 L - a +2 cloak (worn)
 R - a +0 plate armour (worn)
 Z - a quicksilver dragon hide
Jewellery
 o - a ring of protection from cold (right hand)
 w - an uncursed ring of protection from cold
 E - an uncursed amulet of dismissal
 G - a +4 ring of strength (left hand)
 Q - an uncursed ring of fire
 W - an amulet of regeneration (around neck)
 Y - an uncursed ring of positive energy
Wands
 x - a wand of paralysis (24/24)
 X - a wand of heal wounds (4/9)
Scrolls
 j - 11 scrolls of teleportation
 k - 5 scrolls of remove curse
 t - a scroll of holy word
 B - 2 scrolls of fog
 M - 3 scrolls of identify
 O - a scroll of enchant weapon
Potions
 b - a potion of agility
 d - 4 potions of lignification
 e - 7 potions of curing
 l - a potion of flight
 n - 2 potions of haste
 q - 4 potions of heal wounds
 u - 2 potions of ambrosia
 z - 2 potions of cure mutation
 A - 2 potions of resistance
 C - a potion of might
 F - 3 potions of brilliance
 T - 8 potions of magic
Miscellaneous
 i - a disc of storms
Comestibles
 c - 9 bread rations
 f - 10 slices of pizza
 h - 7 meat rations
 r - 5 fruits


   Skills:
 + Level 14.7 Fighting
 - Level 20.0 Axes
 + Level 13.4 Armour
 + Level 8.3 Dodging


You had 14 spell levels left.
You didn't know any spells.

Dungeon Overview and Level Annotations

Branches:
Dungeon (15/15)            Temple (0/1) D:7            Lair (0/6) D:10
    Orc (0/2) D:9          Vaults (0/5) D:14         Depths (1/5) D:15

Altars:
Gozag
Nemelex Xobeh
Okawaru
Trog

Shops:
D:13 =:}   D:15 (

Portals:
Trove: D:15 (give +6 demon blade)

Annotations:
D:2 exclusion: downstairs
D:13 exclusion: downstairs


Message History

You completely miss the cyan ugly thing.
The cyan ugly thing is severely wounded.
You hit the cyan very ugly thing. You freeze the cyan very ugly thing.
You feel yourself speed up. The cyan very ugly thing kicks you!
The cyan very ugly thing shocks you!!
The cyan ugly thing stings you but does no damage.
You hit the cyan ugly thing. You freeze the cyan ugly thing.
The cyan ugly thing is severely wounded.
You completely miss the cyan very ugly thing.
The cyan very ugly thing kicks you!
* * * LOW HITPOINT WARNING * * *
The cyan very ugly thing shocks you!!
* * * LOW HITPOINT WARNING * * *
You're too exhausted to go berserk.
You feel much better.
The cyan ugly thing stings you but does no damage.
The cyan very ugly thing kicks you!
* * * LOW HITPOINT WARNING * * *
The cyan very ugly thing shocks you!!
You die...

#....#####'###..#
#.......##..##..#
#.......#.......#
#.......#.....(.#
#######.......#'#####'##
#.....#####............#
#........>#............#
#........#uu..........#
+........#@...........#
#........#.(..........#
#........#............#
#...###'##(...........#
.
#...#......(...########
.. #...#..........# ...
+...#..........# ....
#..##.......(..#
.....#..#.....####(##


You could see a cyan very ugly thing and a cyan ugly thing.

Vanquished Creatures
  7 very ugly things
  An ettin (Depths:1)
  2 fire dragons (Depths:1)
  A great orb of eyes (shapeshifter) (D:15)
  Fannar (D:11)
  An ice dragon (Depths:1)
  2 rakshasas (D:15)
  A vault guard (D:15)
  A catoblepas (D:12)
  4 centaur warriors
  A deep troll shaman (Depths:1)
  A deep troll earth mage (Depths:1)
  A flayed ghost (Depths:1)
  4 deep trolls (Depths:1)
  10 hill giants
  3 unseen horrors
  A wizard (D:14)
  An orc knight (D:15)
  A deep elf mage (D:14)
  An orc sorcerer (D:15)
  A wolf spider (shapeshifter) (D:15)
  3 cyclopes
  5 ugly things
  A gargoyle (D:15)
  A kobold demonologist (D:14)
  2 komodo dragons
  A yaktaur (shapeshifter) (D:15)
  2 efreet (D:14)
  A freezing wraith (D:14)
  A yaktaur (Depths:1)
  A two-headed ogre (D:13)
  A meliai (shapeshifter) (D:13)
  The ghost of epen the Ducker, an amateur MfMo (Ossuary)
  4 trolls
  2 dream sheep (D:12)
  Prince Ribbit (D:6)
  11 slime creatures
  A redback (shapeshifter) (Depths:1)
  A wyvern (D:10)
  A spriggan (shapeshifter) (Depths:1)
  A shadow (D:15)
  20 yaks
  A wraith (D:12)
  A steam dragon (D:5)
  A hungry ghost (D:8)
  A basilisk (D:14)
  2 vampire mosquitoes (D:13)
  2 hippogriffs
  Duvessa (D:6)
  A water moccasin (D:8)
  2 sky beasts
  8 orc warriors
  4 ice beasts
  An eye of draining (D:12)
  3 phantoms
  A wasp (D:10)
  3 necrophages
  3 boggarts (D:15)
  A centaur (shapeshifter) (D:15)
  3 ogres
  13 centaurs
  A crocodile (D:12)
  5 big kobolds
  A giant frog (shapeshifter) (D:14)
  12 giant frogs
  Dowan (D:6)
  3 scorpions
  A wyvern skeleton (D:9)
  3 killer bees (D:9)
  4 wights (D:13)
  2 giant frog zombies (D:9)
  2 howler monkeys
  8 crimson imps
  5 centaur zombies
  A quasit (D:12)
  7 jellies
  11 orc priests
  4 hounds
  18 orc wizards
  Crazy Yiuf (D:7)
  2 centaur skeletons
  A giant frog skeleton (D:7)
  Natasha (twice) (D:4)
  4 iguanas
  11 worker ants
  A killer bee zombie (D:7)
  A big kobold zombie (Ossuary)
  A hound zombie (D:7)
  A hound skeleton (D:5)
  4 mummies (Ossuary)
  A howler monkey zombie (D:5)
  A worker ant zombie (D:10)
  A howler monkey skeleton (D:8)
  16 gnolls
  14 adders
  7 shadow imps
  4 oozes
  3 worms
  2 dart slugs (D:1)
  5 giant geckos
  80 orcs
  3 bats
  A giant cockroach (D:1)
  14 goblins
  19 hobgoblins
  3 jackals (D:9)
  34 kobolds
  3 quokkas
  3 ball pythons
  A giant gecko skeleton (D:4)
  5 giant newts
  3 hobgoblin zombies (Ossuary)
  A jackal skeleton (D:7)
  7 rats
509 creatures vanquished.

Vanquished Creatures (collateral kills)
  2 hydras
  3 yaks (D:10)
  A hungry ghost (D:11)
  2 orc warriors (D:15)
  2 big kobolds (D:12)
  3 killer bees (D:9)
13 creatures vanquished.

Vanquished Creatures (others)
  A plant (D:10)
1 creature vanquished.

Grand Total: 523 creatures vanquished

Notes
Turn   | Place    | Note
-------+----------+-------------------------------------------
     0 | D:1      | shnurlf the Hill Orc Berserker began the quest for the Orb.
     0 | D:1      | Reached XP level 1. HP: 19/19 MP: 1/1
   122 | D:1      | Reached XP level 2. HP: 22/27 MP: 2/2
   346 | D:1      | Reached skill level 5 in Axes
   668 | D:1      | Reached XP level 3. HP: 24/33 MP: 3/3
  1933 | D:2      | Reached ** piety under Trog
  1941 | D:2      | HP: 1/33 [worm (9)]
  2517 | D:2      | Reached XP level 4. HP: 6/41 MP: 4/4
  3487 | D:5      | Entered Level 5 of the Dungeon
  3497 | D:5      | Reached skill level 6 in Axes
  4413 | D:4      | Reached XP level 5. HP: 34/47 MP: 5/5
  4527 | D:4      | Reached skill level 5 in Fighting
  4609 | D:4      | Noticed an ogre
  4618 | D:4      | Killed an ogre
  4618 | D:4      | Reached skill level 7 in Axes
  4618 | D:4      | Reached XP level 6. HP: 56/56 MP: 6/6
  5113 | D:4      | Found a sparkling altar of Nemelex Xobeh.
  5116 | D:4      | Noticed Natasha
  5123 | D:4      | Killed Natasha
  5123 | D:4      | Reached skill level 8 in Axes
  5167 | D:4      | Noticed Natasha
  5184 | D:4      | Killed Natasha
  5184 | D:4      | Reached XP level 7. HP: 35/62 MP: 7/7
  5393 | D:5      | Got an iridescent whip
  5394 | D:5      | Identified the cursed +0 whip of the Aged Cities {drain, rC+ Str+4} (You found it on level 5 of the Dungeon)
  5673 | D:5      | Noticed a steam dragon
  5693 | D:5      | Killed a steam dragon
  6212 | D:5      | Reached skill level 9 in Axes
  6275 | D:5      | Found an iron altar of Okawaru.
  6475 | D:6      | Reached XP level 8. HP: 65/71 MP: 8/8
  6536 | D:6      | Found a sand-covered staircase.
  6541 | Ossuary  | Entered an ossuary
  6686 | Ossuary  | Noticed epen's ghost (amateur MfMo)
  6707 | Ossuary  | Killed epen's ghost
  6707 | Ossuary  | Reached skill level 10 in Axes
  6810 | Ossuary  | Reached skill level 5 in Armour
  6874 | Ossuary  | Reached *** piety under Trog
  7572 | D:6      | Noticed Dowan
  7573 | D:6      | Noticed Duvessa
  7595 | D:6      | Killed Duvessa
  7599 | D:6      | Killed Dowan
  7599 | D:6      | Reached skill level 11 in Axes
  7690 | D:6      | Reached XP level 9. HP: 57/80 MP: 9/9
  7903 | D:6      | Got a bloodstained spear
  8067 | D:6      | Found a bloodstained altar of Trog.
  8582 | D:6      | Noticed Prince Ribbit
  8617 | D:6      | Killed Prince Ribbit
  8785 | D:7      | You fall through a shaft!
  8797 | D:8      | Reached skill level 12 in Axes
  8800 | D:8      | Reached **** piety under Trog
  9000 | D:7      | Found a staircase to the Ecumenical Temple.
  9777 | D:7      | Found a runed door.
  9781 | D:7      | Noticed Crazy Yiuf
  9787 | D:7      | Killed Crazy Yiuf
 10014 | D:8      | Reached skill level 13 in Axes
 10344 | D:9      | Reached XP level 10. HP: 59/90 MP: 10/10
 10381 | D:9      | Found a flagged portal.
 10548 | Bailey   | Entered a bailey
 11502 | D:9      | Reached ***** piety under Trog
 11945 | D:9      | Found a staircase to the Orcish Mines.
 12014 | D:9      | Reached skill level 14 in Axes
 12295 | D:10     | Entered Level 10 of the Dungeon
 13262 | D:10     | Received a gift from Trog
 13472 | D:10     | Got an ichor-stained long sword
 13493 | D:10     | Noticed a hill giant
 13500 | D:10     | Killed a hill giant
 13525 | D:10     | Reached skill level 10 in Fighting
 13818 | D:10     | Reached skill level 15 in Axes
 14118 | D:10     | Found a staircase to the Lair.
 14145 | D:10     | Reached XP level 11. HP: 52/100 MP: 11/11
 14399 | D:11     | Noticed a purple ugly thing
 14404 | D:11     | Killed a purple ugly thing
 15029 | D:11     | Noticed a hill giant
 15035 | D:11     | Killed a hill giant
 15036 | D:11     | Noticed Fannar
 15045 | D:11     | Killed Fannar
 15293 | D:11     | Noticed a hill giant
 15311 | D:11     | Killed a hill giant
 15311 | D:11     | Reached skill level 16 in Axes
 15345 | D:12     | Noticed a hill giant
 15354 | D:12     | Killed a hill giant
 15546 | D:11     | Identified the +5 spear "Huoso" {antimagic, MR+ Int+4} (You found it on level 6 of the Dungeon)
 15656 | D:11     | Noticed a cyclops
 15668 | D:11     | Killed a cyclops
 15849 | D:11     | Received a gift from Trog
 16095 | D:12     | Found an opulent altar of Gozag.
 16181 | D:12     | Noticed a white ugly thing
 16193 | D:12     | Killed a white ugly thing
 16194 | D:12     | Noticed a catoblepas
 16205 | D:12     | Killed a catoblepas
 16205 | D:12     | Reached skill level 10 in Armour
 16359 | D:12     | Identified the cursed +0 long sword of Anxiety {venom, -Tele rElec rF+ Str+3} (You found it on level 10 of the Dungeon)
 16390 | D:12     | Noticed a hill giant
 16420 | D:12     | Killed a hill giant
 16420 | D:12     | Reached XP level 12. HP: 90/110 MP: 12/12
 16486 | D:12     | Reached skill level 17 in Axes
 16728 | D:12     | Noticed a three-headed hydra
 16732 | D:12     | Killed a three-headed hydra
 16741 | D:12     | Got a translucent halberd {drain}
 16891 | D:13     | Noticed a seven-headed hydra
 16897 | D:13     | Killed a seven-headed hydra
 16920 | D:13     | Found Meudwia's Book Emporium.
 16947 | D:13     | Found a flickering gateway to a bazaar.
 16960 | Bazaar   | Entered a bazaar
 16960 | Bazaar   | Found Fuevyevo's Weapon Shoppe.
 16960 | Bazaar   | Found Jazetau's Weapon Emporium.
 16960 | Bazaar   | Found Vikkisom's Gadget Emporium.
 16986 | Bazaar   | Bought a wand of heal wounds (4/9) for 528 gold pieces
 17134 | D:13     | Identified the +1 halberd of Conformity {drain, rN+ Int+3 Dex+2} (You took it off a big kobold on level 12 of the Dungeon)
 17363 | D:13     | Found Nyetz's Jewellery Shop.
 17373 | D:13     | Noticed a centaur warrior
 17378 | D:13     | Killed a centaur warrior
 17449 | D:13     | Reached skill level 19 in Axes
 17449 | D:13     | Reached XP level 13. HP: 118/118 MP: 13/13
 17455 | D:13     | Gained mutation: You are frail. (-10% HP) [potion of mutation]
 17455 | D:13     | Gained mutation: Armour fits poorly on your strangely shaped body. [potion of mutation]
 17455 | D:13     | Gained mutation: You are dopey. (Int -2) [potion of mutation]
 17456 | D:13     | Lost mutation: You are frail. (-10% HP) [potion of cure mutation]
 17456 | D:13     | Lost mutation: Armour fits poorly on your strangely shaped body. [potion of cure mutation]
 17456 | D:13     | Lost mutation: You are dopey. (Int -2) [potion of cure mutation]
 17469 | D:13     | Found Wobbuq's Gadget Shop.
 17999 | D:14     | Reached skill level 20 in Axes
 18412 | D:13     | Received a gift from Trog
 19207 | D:15     | Entered Level 15 of the Dungeon
 19290 | D:14     | Reached skill level 5 in Dodging
 19377 | D:15     | Found Mor Cionwu's Antique Weapon Emporium.
 19541 | D:14     | Reached XP level 14. HP: 126/127 MP: 14/14
 19683 | D:14     | Found a gate to the Vaults.
 20039 | D:15     | Found a portal to a secret trove of treasure.
 21099 | D:15     | Found a staircase to the Depths.
 21256 | Depths:1 | Entered Level 1 of the Depths
 21330 | Depths:1 | HP: 3/130 [ettin/dire flail (39)]
 21331 | Depths:1 | HP: 1/130 [ettin/dire flail (24)]
 21850 | Depths:1 | Noticed a red very ugly thing
 21850 | Depths:1 | Noticed a red very ugly thing
 21850 | Depths:1 | Noticed a red very ugly thing
 21852 | Depths:1 | Noticed a purple very ugly thing
 21853 | Depths:1 | Noticed a purple very ugly thing
 21853 | Depths:1 | Killed a red very ugly thing
 21856 | Depths:1 | Noticed a purple very ugly thing
 21857 | Depths:1 | Noticed a purple very ugly thing
 21972 | Depths:1 | Noticed a purple very ugly thing
 21980 | D:15     | Killed a red very ugly thing
 21980 | D:15     | Reached XP level 15. HP: 139/139 MP: 15/15
 22286 | Depths:1 | Slain by a cyan very ugly thing

Vault maps used:
D:1:      dpeg_arrival_morbid_curiosity
D:3:      minmay_crystal_water, minmay_misc_feat_five
D:4:      first_bread, nemelex_dance_club_becter, uniq_natasha
D:5:      hex_tiny, okawaru_ov_weapons_minmay
D:6:      enter_ossuary_5, trog_hazing_becter, uniq_duvessa, uniq_prince_ribbit1
D:7:      uniq_crazy_yiuf_cottage
D:9:      hiddenorc2_lemuel, enter_bailey_3
D:10:     david_lair_shrubbed
D:11:     uniq_fannar
D:12:     hangedman_ranch, grunt_gozag_breadcrumbs
D:13:     serial_shops, bzr_entry_dummy, nicolae_shop_crystal, shop_fountains,
          shop_fountains
D:14:     david_vaults_1, grunt_decor_one_mirror, abandoned_shop
D:15:     gammafunk_enter_depths_forms, serial_shops, shop, enter_trove_5,
          minmay_unpleasant_kobolds
Depths:1: enter_ziggurat_b, pf_coc_iceberg, serial_bayou_pond_b, minivault_12
Bazaar:   bazaar_minmay_row
Ossuary:  ossuary_the_hunt_dpeg
Bailey:   bailey_axe_2, bailey

Skill      XL: |  1  2  3  4  5  6  7  8  9 10 11 12 13 14 15 |
---------------+----------------------------------------------+-----
Axes           | 5 6 7 8 9 11 13 15 16 19 20 | 20.0
Fighting       | 4 5 6 7 8 10 11 12 14 | 14.7
Armour         | 3 4 5 7 8 10 11 13 | 13.4
Dodging        | 2 4 5 7 8 |  8.3

Action                   |  1- 3 |  4- 6 |  7- 9 | 10-12 | 13-15 || total
-------------------------+-------+-------+-------+-------+-------++-------
Melee: Hand axe          |   144 |   161 |   457 |       |       ||   762
       Whip              |       |       |     2 |       |       ||     2
       War axe           |       |       |    72 |   299 |       ||   371
       Battleaxe         |       |       |       |   297 |   429 ||   726
       Spear             |       |       |       |     5 |       ||     5
Throw: Javelin           |       |       |     3 |       |     1 ||     4
Invok: Berserk           |     1 |     3 |     5 |     4 |     7 ||    20
       Trog's Hand       |       |       |     3 |     3 |     1 ||     7
       Burn Spellbooks   |       |       |     2 |     1 |     1 ||     4
       Brothers in Arms  |       |       |     1 |     5 |     2 ||     8
  Use: Potion            |     1 |     1 |     1 |     3 |     9 ||    15
       Scroll            |       |       |    18 |    13 |     5 ||    36
 Stab: Invisible         |       |       |       |       |     3 ||     3
  Eat: Chunk             |     6 |    12 |    13 |    25 |    11 ||    67
       Fruit             |       |       |     2 |     9 |     8 ||    19
       Beef jerky        |       |       |     2 |       |       ||     2
       Bread ration      |       |       |     1 |     1 |     1 ||     3
       Royal jelly       |       |       |       |       |     1 ||     1
Armor: Animal skin       |     3 |       |       |       |       ||     3
       Leather armour    |    19 |     8 |       |       |       ||    27
       Ring mail         |       |     8 |    28 |       |       ||    36
       Chain mail        |       |    31 |   151 |   238 |       ||   420
       Plate armour      |       |       |       |    74 |   278 ||   352
Dodge: Dodged            |    77 |    66 |   186 |   219 |   154 ||   702
